 Dungeon Crawl Stone Soup version 0.27.0-1-g7a089689b8 (webtiles) character file.

Game seed: 16348055289977904124

1 Descartes the Grave Robber (level 1, -2/10 HPs)
             Began as a Felid Wanderer on Aug 1, 2021.
             Killed from afar by a dart slug (4 damage)
             ... with a slug dart
             ... on level 1 of the Dungeon.
             The game lasted 00:00:40 (124 turns).

Descartes the Grave Robber (Felid Wanderer)          Turns: 124, Time: 00:00:41

Health: -2/10      AC:  1    Str:  6    XL:     1   Next: 16%
Magic:  2/2        EV: 16    Int: 14    God:
Gold:   14         SH:  0    Dex: 16    Spells: 0/0 levels left
                                        Lives:  0   Deaths: 0

rFire    . . .     SeeInvis +     - Unarmed
rCold    . . .     Faith    .   (shield unavailable)
rNeg     . . .     Spirit   .   (armour unavailable)
rPois    .         Reflect  .   (helmet unavailable)
rElec    .         Harm     .   (cloak unavailable)
rCorr    .         Rampage  .   (gloves unavailable)
Will     .....                  (boots unavailable)
Stlth    ++........             (no amulet)
HPRegen  0.03/turn              (no ring)
MPRegen  0.08/turn              (no ring)

@: quick
A: very small, claws 1, fangs 3, see invisible, speed 1, shaggy fur 1, stealthy
paws, no weapons or thrown items, no armour, multi-lived
a: no special abilities


You were on level 1 of the Dungeon.
You visited 1 branch of the dungeon, and saw 1 of its levels.

You collected 14 gold pieces.

Inventory:

Scrolls
 a - 2 scrolls of fear


   Skills:
 - Level 3.0 Fighting
 + Level 1.4 Dodging
 + Level 2.8 Stealth
 + Level 1.0 Unarmed Combat
 - Level 3.0 Necromancy


You couldn't memorise any spells.
You didn't know any spells.
Your spell library contained the following spells:

 Spells                   Type           Power      Damage    Failure   Level
 Animate Skeleton         Necr           16%        N/A       9%          1
 Vampiric Draining        Necr           4%         2d6       26%         3
 Freeze                   Ice            0%         1d3       28%         1
 Frozen Ramparts          Ice            0%         1d2       65%         3


Dungeon Overview and Level Annotations

Branches:
Dungeon (1/15)

Altars:


Innate Abilities, Weirdness & Mutations

You have sharp claws.
You have razor-sharp teeth.
You have supernaturally acute eyesight. (SInv)
You cover ground quickly. (Speed+)
You are covered in fur. (AC +1)
Your paws help you pounce on unaware monsters.
You are incapable of wielding weapons or throwing items.
You cannot wear armour.
You gain extra lives every three experience levels.


Message History

You scratch the kobold but do no damage.
The ball python completely misses you. x2; The kobold barely misses you.
The ball python bites you but does no damage.
The ball python barely misses you.
You scratch the kobold. You bite the kobold, but do no damage.
The kobold is severely wounded.
The kobold hits you with a +0 short sword.
Ouch! That really hurt!
* * * LOW HITPOINT WARNING * * *
The ball python misses you. x2
You are too injured to fight recklessly!
You are too injured to fight recklessly!
You are too injured to fight recklessly!
You are too injured to fight recklessly!
You are too injured to fight recklessly!
You are too injured to fight recklessly!
You are too injured to fight recklessly!
You are too injured to fight recklessly!
You are too injured to fight recklessly!
You are too injured to fight recklessly!
You are too injured to fight recklessly!
You are too injured to fight recklessly!
You are too injured to fight recklessly!
You are too injured to fight recklessly!
You are too injured to fight recklessly!
You are too injured to fight recklessly!
You scratch the ball python.
The ball python is moderately wounded.
The ball python barely misses you. The ball python grabs you.
* * * LOW HITPOINT WARNING * * *
The ball python constricts you.
You scratch the ball python but do no damage.
The ball python is moderately wounded.
The ball python barely misses you.
* * * LOW HITPOINT WARNING * * *
The ball python constricts you.
You escape the ball python's grasp.
The dart slug launches a dart at you. The slug dart hits you.
You die...

######........
##....#.>.
############8..#.#.##
#.........wK...#.# #
#.#####...##8.##.#
#.# #.....##.... #S#
##.<.###..(... #.#
#.....##.##..>#
#.#####@..##8.# .###
#..S........... #
############8.. .


You could see a dart slug and a ball python.

Vanquished Creatures
  A kobold (D:1)
1 creature vanquished.

Notes
Turn   | Place    | Note
-------+----------+-------------------------------------------
     0 | D:1      | Descartes the Felid Wanderer began the quest for the Orb.
     0 | D:1      | Descartes set off with the following items: 2 scrolls of
                  | fear; and the following spells available to memorise:
                  | Animate Skeleton, Vampiric Draining, Freeze, Frozen
                  | Ramparts
     0 | D:1      | Reached XP level 1. HP: 10/10 MP: 2/2
   124 | D:1      | Killed from afar by a dart slug

Illustrated notes

Levels and vault maps discovered:
D:1:      psy_arrival_basics, layout_basic,
          hellmonk_ecumenical_altar_pennies_from_heaven, minivault_26

Action                   || total
-------------------------++-------
Melee: Unarmed           ||     8
       Bite              ||     1
Armor: Skin              ||     2
Dodge: Dodged            ||    10
